 Dungeon Crawl Stone Soup version 0.17-a0-1805-g6093636 (webtiles) character file.

847 Medar the Insei (level 8, 0/72 HPs)
             Began as an Octopode Transmuter on Sept 12, 2015.
             Was a Follower of Okawaru.
             Succumbed to a gnoll sergeant's poison
             ... on level 6 of the Dungeon.
             The game lasted 00:21:49 (7235 turns).

Medar the Insei (Octopode Transmuter)               Turns: 7235, Time: 00:21:49

Health: 0/72       AC: 24    Str: 10    XL:     8   Next: 1%
Magic:  11/12      EV:  2    Int: 22    God:    Okawaru [*.....]
Gold:   188        SH:  0    Dex: 21    Spells: 4 memorised, 3 levels left

rFire  + . .     SeeInvis .       - Unarmed
rCold  . . .     Clarity  .     (no shield)
rNeg   + + +     SustAt   .     (helmet currently unavailable)
rPois  +         Gourm    .     y - amulet of inaccuracy (curse)
rElec  .         Spirit   .     e - ring of loudness (curse)
rCorr  .         Warding  .     h - ring of stealth
rMut   .         NoTele   +     u - ring of Pessimism {rF+ Dex+4 Stlth-}
MR     .....                    (no ring)
Stlth  +++.......               (no ring)
                                (no ring)
                                (no ring)
                                (no ring)

@: brilliant, agile, lethally poisoned (0 -> -6), exhausted, tree-form, very
slightly contaminated, hasted and slowed, not resistant to hostile enchantments,
fairly stealthy
A: almost no armour, amphibious, 8 rings, (constrict 8), (camouflage 0),
(gelatinous body 0)
a: Heroism, Renounce Religion


You were on level 6 of the Dungeon.
You worshipped Okawaru.
Okawaru was aware of your devotion.
You were hungry.
You were a tree.
You visited 1 branch of the dungeon, and saw 6 of its levels.

You collected 188 gold pieces.

Inventory:

Hand weapons
 o - the +0 hand axe of Due Proportion {chop, Int+3 Stlth+}
   (You found it on level 4 of the Dungeon)

   It inflicts extra damage upon your enemies.
   It affects your intelligence (+3).
   It makes you more stealthy.
 r - a +0 blowgun
 v - a +0 rapier of venom
Missiles
 g - 34 poisoned needles
 m - 2 javelins (quivered)
Jewellery
 e - a cursed ring of loudness (left branch)
 h - a ring of stealth (right branch)
 n - an uncursed amulet of warding
 u - the ring of Pessimism (on tentacle) {rF+ Dex+4 Stlth-}
   (You found it on level 5 of the Dungeon)

   [ring of loudness]

   It affects your dexterity (+4).
   It protects you from fire.
   It makes you less stealthy.
 y - a cursed amulet of inaccuracy (around neck)
Magical devices
 j - a wand of slowing (24)
 w - a wand of hasting (4)
Scrolls
 p - a scroll of enchant weapon
Potions
 d - a potion of lignification
 f - a potion of degeneration
 l - 3 potions of flight
 s - 2 potions of poison
 x - a potion of magic
Books
 b - a book of Changes

   Spells                             Type                      Level
   a - Beastly Appendage              Transmutation                1
   b - Sticks to Snakes               Transmutation                2
   c - Spider Form                    Transmutation/Poison         3
   d - Ice Form                       Ice/Transmutation            4
   e - Blade Hands                    Transmutation                5
Comestibles
 a - 3 chunks of flesh
 c - 5 bread rations {@e1}
 i - 3 meat rations {@e2}
 k - 14 fruits
 z - a beef jerky


   Skills:
 - Level 1.0 Fighting
 - Level 2.0 Dodging
 - Level 1.5 Stealth
 - Level 6.0 Unarmed Combat
 - Level 3.0 Spellcasting
 + Level 5.4 Transmutations
 - Level 2.0 Ice Magic
 - Level 1.7 Poison Magic
 - Level 2.2 Invocations


You had 3 spell levels left.
You knew the following spells:

 Your Spells              Type           Power        Failure   Level  Hunger
d - Sticks to Snakes      Trmt           #####.....   1%          2    ##.....
f - Spider Form           Trmt/Pois      ####......   1%          3    ###....
g - Ice Form              Ice/Trmt       ####....     4%          4    ####...
s - Beastly Appendage     Trmt           #####.       1%          1    None


Dungeon Overview and Level Annotations

Branches:
Dungeon (6/15)
 Temple: D:4-7

Altars:
Cheibriados
Dithmenos
Fedhas
Makhleb
Nemelex Xobeh
Okawaru
Sif Muna
Vehumet
Zin

Annotations:
D:5 exclusion: oklob plant
D:6 exclusion: ice beast


Innate Abilities, Weirdness & Mutations

You cannot wear most types of armour.
You are amphibious.
You can wear up to eight rings at the same time.
((You can use your tentacles to constrict eight enemies at once.))
((Your skin changes colour to match your surroundings (Stealth).))
((Your rubbery body absorbs attacks (AC +1).))


Message History

You feel sick.
Evoke which item? (* to show all) (? for menu, Esc to quit)
Zapping:
w - a wand of hasting (will waste charges)
Press: ? - help, Shift-Dir - straight line, f - you You feel yourself speed up.
You are very lightly contaminated with residual magic.
Evoking this partially-identified wand wasted a few charges.
* * * LOW HITPOINT WARNING * * *
You feel sick.
* * * LOW HITPOINT WARNING * * *
You feel sick.
* * * LOW HITPOINT WARNING * * *
You feel sick.
Casting: Spider Form
Confirm with . or Enter, or press ? or * to list all spells.
You are stuck in your current form!
Casting: Ice Form
Confirm with . or Enter, or press ? or * to list all spells.
You don't have anything to turn into a snake.
You die...

###############
##...#.........#
##..♣...........#
###....)..........#
#..................#
#.####.............# .#### #
#####.........# .....####
#............# .........
##.##.........#
........#######..##.........#
......#..ggga...#############


There were no monsters in sight!

Vanquished Creatures
  A big kobold (D:4)
  An orc warrior (D:4)
  A gnoll sergeant (D:6)
  A crimson imp (D:5)
  2 orc priests
  2 hounds
  A centaur skeleton (D:5)
  An iguana (D:4)
  4 orc wizards
  A worker ant (D:5)
  2 hound skeletons
  5 gnolls
  5 adders
  An ooze (D:2)
  An adder skeleton (D:4)
  4 worms
  3 giant geckos
  9 orcs
  11 giant cockroaches
  7 hobgoblins
  5 bats
  6 giant newts
  11 goblins
  3 jackals (D:4)
  14 kobolds
  11 rats
113 creatures vanquished.

Vanquished Creatures (collateral kills)
  2 worker ants
  2 adders (D:2)
  A giant gecko (D:4)
5 creatures vanquished.

Grand Total: 118 creatures vanquished

Notes
Turn   | Place    | Note
--------------------------------------------------------------
     0 | D:1      | Medar the Octopode Transmuter began the quest for the Orb.
     0 | D:1      | Reached XP level 1. HP: 13/13 MP: 3/3
   597 | D:1      | Reached XP level 2. HP: 18/18 MP: 1/5
   692 | D:1      | Learned a level 2 spell: Sticks to Snakes
   862 | D:1      | Reached skill level 4 in Unarmed Combat
  1069 | D:1      | Reached XP level 3. HP: 17/23 MP: 4/6
  1081 | D:1      | Learned a level 3 spell: Spider Form
  1323 | D:2      | Found a shadowy altar of Dithmenos.
  1329 | D:2      | Found an iron altar of Okawaru.
  1335 | D:2      | Became a worshipper of Warmaster Okawaru
  1544 | D:2      | Found a sparkling altar of Nemelex Xobeh.
  1618 | D:2      | Found a burning altar of Makhleb.
  1649 | D:2      | Found a radiant altar of Vehumet.
  1783 | D:2      | Found a snail-covered altar of Cheibriados.
  1918 | D:2      | Reached XP level 4. HP: 12/28 MP: 2/7
  2247 | D:2      | Reached skill level 1 in Poison Magic
  2636 | D:3      | Reached skill level 1 in Stealth
  3274 | D:3      | Reached XP level 5. HP: 25/33 MP: 6/8
  3515 | D:3      | Found a deep blue altar of Sif Muna.
  4488 | D:4      | Reached skill level 5 in Unarmed Combat
  4488 | D:4      | Reached XP level 6. HP: 38/38 MP: 3/9
  4527 | D:4      | Noticed an orc warrior
  4742 | D:4      | Acquired Okawaru's first power
  5050 | D:4      | Got a brightly glowing hand axe
  5051 | D:4      | Identified the cursed +0 hand axe of Due Proportion {chop, Int+3 Stlth+} (You found it on level 4 of the Dungeon)
  5077 | D:4      | Reached skill level 6 in Unarmed Combat
  5234 | D:4      | Killed an orc warrior
  5234 | D:4      | Reached XP level 7. HP: 21/43 MP: 1/11
  5390 | D:5      | Entered Level 5 of the Dungeon
  5560 | D:4      | Learned a level 4 spell: Ice Form
  5930 | D:5      | Reached skill level 1 in Ice Magic
  5982 | D:5      | Got a fine steel ring
  5983 | D:5      | Identified the ring of Pessimism {rF+ Dex+4 Stlth-} (You found it on level 5 of the Dungeon)
  6398 | D:5      | Found a glowing silver altar of Zin.
  6431 | D:5      | Found a blossoming altar of Fedhas.
  6830 | D:5      | Noticed an oklob plant
  7193 | D:5      | Reached skill level 5 in Transmutations
  7218 | D:6      | Reached XP level 8. HP: 30/48 MP: 9/12
  7231 | D:6      | HP: 2/72 [poisoned by a gnoll sergeant]
  7235 | D:6      | Succumbed to a gnoll sergeant's poison

Vault maps used:
D:1:      dpeg_arrival_lava_temple_mockup, hex_medium
D:2:      cheibriados_altar_wand_db, lemuel_crystal_altar,
          nemelex_xobeh_ov_fountains_minmay, overflow_temple_1_default,
          okawaru_metal_pillars_1_2, grunt_dithmenos_smoke_and_mirrors
D:3:      lemuel_coloured_pillars_altar, first_bread, dk_vineyard_1
D:4:      kennysheep_generic_room_4
D:5:      zin_statuary, tgw_fedhas
D:6:      kennysheep_generic_room_16

Action                   |  1- 3 |  4- 6 |  7- 9 || total
-------------------------+-------+-------+-------++-------
Melee: Unarmed           |    84 |   124 |    74 ||   282
       Hand axe          |       |     4 |    33 ||    37
 Cast: Beastly Appendage |    30 |    18 |       ||    48
       Sticks to Snakes  |     2 |     7 |     2 ||    11
       Spider Form       |     1 |    11 |    13 ||    25
 Abil: End Transformatio |       |     1 |     2 ||     3
Evoke: Wand              |       |       |     1 ||     1
  Use: Scroll            |     3 |     6 |     3 ||    12
       Potion            |       |     2 |     5 ||     7
 Stab: Sleeping          |     2 |     5 |     1 ||     8
  Eat: Chunk             |     4 |    13 |     8 ||    25
